Penguins vs Eagles (R1)

Created - November 10, 2024 at 21:29

Goals
1 2 3 T
Penguins 3 1 1 5
Eagles 1 2 0 3
Shots
1 2 3 T
Penguins 20 5 5 30
Eagles 16 11 10 37

1st period

1. Penguins , Denis Malgin 3 (Dakota Mermis 6, Anthony Stolarz) at 11:27 (SH)
2. Eagles , Jack Hughes 2 (Jonathan Racine 4, Tyler Motte 1) at 13:04
3. Penguins , Matthew Boldy 7 (Clayton Keller 8, Denis Malgin 10) at 16:28 (PP)
4. Penguins , Matthew Boldy 8 (Noah Dobson 3, Clayton Keller 9) at 17:07

Penalties :
Kevin Bahl (Col) for Interference (Minor) at 2:43, Clayton Keller (Wil) for Tripping (Minor) at 10:07, Matthew Boldy (Wil) for Slashing (Minor) at 13:11, Tyler Motte (Col) for Roughing (Minor) at 16:23, Mattias Samuelsson (Col) for Slashing (Minor) at 18:41

2nd period

5. Eagles , Pius Suter 3 (Jack Dougherty 2, Sam Steel 5) at 4:06
6. Eagles , Keaton Middleton 1 (Mattias Samuelsson 4, Matthew Phillips 6) at 11:41
7. Penguins , Denis Malgin 4 (Clayton Keller 10, Matthew Finn 5) at 16:42

Penalties :
Connor Carrick (Col) for Tripping (Minor) at 7:43, Tyler Motte (Col) for Tripping (Minor) at 18:40

3rd period

8. Penguins , Clayton Keller 4 (Artemi Kniazev 2) at 19:19 (Empty Net)

Penalties :
Tyler Motte (Col) for Tripping (Minor) at 1:27, Artemi Kniazev (Wil) for Goalie Interference (Minor) at 4:32, Artemi Kniazev (Wil) for Tripping (Minor) at 8:07, Jonathan Racine (Col) for Holding (Minor) at 16:21

Goalie Stats

Anthony Stolarz (Wil), 34 saves from 37 shots - (0.919), W, 4-2-0, 60:00 minutes
Daniel Altshuller (Col), 25 saves from 29 shots - (0.862), L, 1-1-1, 59:46 minutes

Players Stats for Penguins

Player Name              G  A  P  +/- PIM S  H  SB GA TA FO     MP     PP MP  PK MP  
------------------------------------------------------------------------------------
Alexander Romanov        0  0  0   0  0   0  2  0  0  0  0/0    12:49   2:01   1:30 
Artemi Kniazev           0  1  1   0  4   0  0  1  0  0  0/0    10:43   0:00   0:00 
Clayton Keller           1  3  4   3  2   7  2  0  3  0  2/2    21:18   6:39   1:42 
Dakota Mermis            0  1  1   1  0   2  2  2  0  1  0/0    29:36   8:11   4:53 
Denis Malgin             2  1  3   3  0   4  1  0  2  0  19/41  24:23   6:39   4:32 
Dmitry Voronkov          0  0  0  -1  0   0  0  0  0  1  2/3     6:16   0:00   0:00 
Eetu Luostarinen         0  0  0   1  0   1  1  0  0  1  3/9    20:33   5:20   4:57 
Jeff Malott              0  0  0  -2  0   2  2  3  2  0  0/1    11:19   0:00   0:43 
Jesper Boqvist           0  0  0  -2  0   3  1  0  1  0  0/0    11:42   0:05   0:19 
Jesperi Kotkaniemi       0  0  0  -1  0   0  2  0  0  0  4/6    12:57   0:00   1:44 
Josh Ho-Sang             0  0  0  -1  0   1  0  0  0  0  0/0     6:27   0:05   0:00 
Marc Del Gaizo           0  0  0   0  0   0  0  2  1  0  0/0    13:45   1:47   0:43 
Matthew Boldy            2  0  2   2  2   4  1  0  0  0  1/2    19:42   6:39   0:00 
Matthew Finn             0  1  1   1  0   1  1  0  1  1  0/0    27:52   7:10   4:23 
Noah Dobson              0  1  1   0  0   1  0  0  0  0  0/0    23:01   4:49   3:45 
Philipp Kurashev         0  0  0   0  0   1  1  0  0  1  5/9    15:57   5:15   0:19 
Sam Kurker               0  0  0   1  0   2  2  0  1  0  0/0    17:24   5:15   2:14 
Sampo Ranta              0  0  0  -1  0   1  0  0  0  1  0/0     6:16   0:00   0:00 

Players Stats for Eagles

Player Name              G  A  P  +/- PIM S  H  SB GA TA FO     MP     PP MP  PK MP  
------------------------------------------------------------------------------------
Brett Leason             0  0  0   0  0   1  2  0  0  0  0/0     6:39   0:06   0:00 
Connor Carrick           0  0  0  -1  2   1  0  2  1  1  0/0    20:00   0:22   6:16 
Gabriel Vilardi          0  0  0  -1  0   4  1  0  0  1  0/1    16:20   4:19   1:34 
Jack Dougherty           0  1  1   0  0   1  0  1  0  0  0/0    22:57   5:19   4:31 
Jack Hughes              1  0  1  -2  0   4  3  0  1  0  12/24  18:02   3:31   1:39 
Jared McCann             0  0  0   0  0   3  0  1  1  1  22/35  22:57   4:25   7:04 
Jonathan Racine          0  1  1   0  2   1  2  3  0  1  0/0    17:31   2:15   1:51 
Keaton Middleton         1  0  1  -2  0   4  3  0  0  1  0/0    26:04   5:19   7:28 
Kevin Bahl               0  0  0   0  2   0  0  0  0  1  0/0    14:07   0:00   0:20 
Matteson Iacopelli       0  0  0   0  0   1  4  1  1  0  0/0    11:58   0:00   0:00 
Matthew Phillips         0  1  1   0  0   3  2  0  0  0  0/0    13:02   3:31   0:00 
Mattias Samuelsson       0  1  1   1  2   1  1  0  0  0  0/0    20:40   2:37   3:32 
Michael Carcone          0  0  0  -1  0   4  0  1  1  1  0/2    18:35   4:19   3:43 
Michael Dal Colle        0  0  0   0  0   1  0  0  0  0  0/0     9:57   0:00   3:20 
Pius Suter               1  0  1   0  0   3  2  0  1  1  0/0    13:28   3:31   0:19 
Sam Steel                0  1  1   1  0   1  1  0  0  1  2/7    10:47   0:00   1:34 
Tyler Motte              0  1  1   0  6   3  0  1  0  2  0/0    17:53   0:00   4:34 
Zach Aston-Reese         0  0  0   0  0   1  1  0  0  0  1/4     6:57   0:06   0:11 

3 Stars

1 - Denis Malgin (Wil)
2 - Clayton Keller (Wil)
3 - Matthew Boldy (Wil)

Power Play

Penguins - 1 on 7 Attempt(s) - 14.29%
Eagles - 0 on 4 Attempt(s) - 0.00%

Penalty Kill

Penguins - 4 on 4 Attempt(s) - 100.00% - Score 1 goal in Penalty Kill
Eagles - 6 on 7 Attempt(s) - 85.71% - Score 0 goal in Penalty Kill

Team Stat

Penguins - Hits : 18 - Faceoff Wins : 36 - Blocked Shots : 8 - Penalty Minutes : 8
Eagles - Hits : 22 - Faceoff Wins : 37 - Blocked Shots : 10 - Penalty Minutes : 14

Official

Referees : Pierre Lambert and Frederick L'Ecuyer
Linesman : Jonny Murray and Kiel Murchison

Game Notes

Alexander Romanov is injured at 18:17 of 2nd period (Torso)
Clayton Keller has scored in a empty net!

Finance

Level 1 -- Attendance: 1783 (89.15%) -- Ticket Income $124,810
Level 2 -- Attendance: 945 (94.50%) -- Ticket Income $37,800
Total Attendance: 2728 (90.93%)
Total Ticket Income: $162,610
Other Income: $8,130
Total Income: $170,740

Penguins

5 vs 5 Forward 
   Center                   Left Wing                Right Wing               Time % Phy DF OF 
 1 Denis Malgin             Matthew Boldy            Clayton Keller           40     1   2  2  
 2 Philipp Kurashev         Eetu Luostarinen         Sam Kurker               30     1   2  2  
 3 Jesperi Kotkaniemi       Jeff Malott              Jesper Boqvist           20     1   2  2  
 4 Dmitry Voronkov          Sampo Ranta              Josh Ho-Sang             10     1   2  2  

5 vs 5 Defense 
   Defense                  Defense                                           Time % Phy DF OF 
 1 Dakota Mermis            Matthew Finn                                      40     1   2  2  
 2 Alexander Romanov        Noah Dobson                                       30     1   2  2  
 3 Marc Del Gaizo           Artemi Kniazev                                    20     1   2  2  
 4 Dakota Mermis            Matthew Finn                                      10     1   2  2  

PowerPlay Forward 
   Center                   Left Wing                Right Wing               Time % Phy DF OF 
 1 Denis Malgin             Matthew Boldy            Clayton Keller           60     1   2  2  
 2 Philipp Kurashev         Eetu Luostarinen         Sam Kurker               40     1   2  2  

PowerPlay Defense
   Defense                  Defense                                           Time % Phy DF OF 
 1 Dakota Mermis            Matthew Finn                                      60     1   2  2  
 2 Alexander Romanov        Noah Dobson                                       40     1   2  2  

Penalty Kill 4 Players Forward 
   Center                   Wing                     Time % Phy DF OF 
 1 Eetu Luostarinen         Denis Malgin             60     1   2  2  
 2 Clayton Keller           Sam Kurker               40     1   2  2  

Penalty Kill 4 Players Defense
   Defense                  Defense                  Time % Phy DF OF 
 1 Dakota Mermis            Matthew Finn             60     1   2  2  
 2 Alexander Romanov        Noah Dobson              40     1   2  2  

Penalty Kill - 3 Players Forward 
   Forward                                           Time % Phy DF OF 
 1 Eetu Luostarinen                                  60     1   2  2  
 2 Denis Malgin                                      40     1   2  2  

Penalty Kill - 3 Players Defense
   Defense                  Defense                  Time % Phy DF OF 
 1 Dakota Mermis            Matthew Finn             60     1   2  2  
 2 Alexander Romanov        Noah Dobson              40     1   2  2  

4 vs 4 Forward 
   Center                   Wing                     Time % Phy DF OF 
 1 Eetu Luostarinen         Denis Malgin             60     1   2  2  
 2 Clayton Keller           Sam Kurker               40     1   2  2  

4 vs 4 Defense
   Defense                  Defense                  Time % Phy DF OF 
 1 Dakota Mermis            Matthew Finn             60     1   2  2  
 2 Alexander Romanov        Noah Dobson              40     1   2  2  

Last Minutes Offensive
   Center                   Left Wing                Right Wing               Defense                  Defense                  
   Denis Malgin             Eetu Luostarinen         Clayton Keller           Dakota Mermis            Matthew Finn             

Last Minutes Defensive
   Center                   Left Wing                Right Wing               Defense                  Defense                  
   Denis Malgin             Eetu Luostarinen         Clayton Keller           Dakota Mermis            Matthew Finn             

Goaltenders
Starting : Anthony Stolarz          
Backup : Zachary Bouthillier      

Extra Forwards
Normal : Matthew Boldy, Jesper Boqvist, Jesperi Kotkaniemi - PP : Matthew Boldy, Jesper Boqvist - PK : Jesperi Kotkaniemi
Extra Defensemen
Normal : Marc Del Gaizo, Artemi Kniazev, Alexander Romanov - PP : Marc Del Gaizo - PK : Artemi Kniazev, Alexander Romanov
Penalty Shots
Eetu Luostarinen, Denis Malgin, Clayton Keller, Sam Kurker, Philipp Kurashev
Custom OT Lines Forwards
Eetu Luostarinen, Denis Malgin, Clayton Keller, Sam Kurker, Philipp Kurashev, Jeff Malott, Matthew Boldy, Jesper Boqvist, Jesperi Kotkaniemi, Josh Ho-Sang
Custom OT Lines Defensemen
Dakota Mermis, Matthew Finn, Alexander Romanov, Noah Dobson, Marc Del Gaizo

Scratches
Juuso Ikonen (Healthy), Kevin Stenlund (Healthy), Austin Strand (Healthy), Ryan MacInnis (Healthy), Adam Brooks (Healthy)
Shawn Boudrias (Healthy), Ryan Johnson (Healthy), Nolan Foote (Healthy), Valtteri Puustinen (Healthy), Spencer Knight (Sprained Left Finger Injury)

Eagles

5 vs 5 Forward 
   Center                   Left Wing                Right Wing               Time % Phy DF OF 
 1 Jared McCann             Michael Carcone          Gabriel Vilardi          35     1   2  2  
 2 Jack Hughes              Tyler Motte              Matteson Iacopelli       34     1   2  2  
 3 Sam Steel                Pius Suter               Matthew Phillips         21     1   2  2  
 4 Zach Aston-Reese         Michael Dal Colle        Brett Leason             10     1   2  2  

5 vs 5 Defense 
   Defense                  Defense                                           Time % Phy DF OF 
 1 Connor Carrick           Keaton Middleton                                  33     1   2  2  
 2 Jack Dougherty           Mattias Samuelsson                                32     1   2  2  
 3 Kevin Bahl               Jonathan Racine                                   30     1   3  1  
 4 Keaton Middleton         Mattias Samuelsson                                5      1   2  2  

PowerPlay Forward 
   Center                   Left Wing                Right Wing               Time % Phy DF OF 
 1 Jared McCann             Michael Carcone          Gabriel Vilardi          50     1   1  3  
 2 Jack Hughes              Pius Suter               Matthew Phillips         50     1   1  3  

PowerPlay Defense
   Defense                  Defense                                           Time % Phy DF OF 
 1 Jack Dougherty           Keaton Middleton                                  55     1   1  3  
 2 Jonathan Racine          Mattias Samuelsson                                45     1   1  3  

Penalty Kill 4 Players Forward 
   Center                   Wing                     Time % Phy DF OF 
 1 Jared McCann             Tyler Motte              65     1   3  1  
 2 Sam Steel                Gabriel Vilardi          35     1   3  1  

Penalty Kill 4 Players Defense
   Defense                  Defense                  Time % Phy DF OF 
 1 Keaton Middleton         Connor Carrick           65     1   3  1  
 2 Jack Dougherty           Mattias Samuelsson       35     1   3  1  

Penalty Kill - 3 Players Forward 
   Forward                                           Time % Phy DF OF 
 1 Jared McCann                                      65     1   4  0  
 2 Tyler Motte                                       35     1   4  0  

Penalty Kill - 3 Players Defense
   Defense                  Defense                  Time % Phy DF OF 
 1 Keaton Middleton         Connor Carrick           70     1   4  0  
 2 Jack Dougherty           Mattias Samuelsson       30     1   4  0  

4 vs 4 Forward 
   Center                   Wing                     Time % Phy DF OF 
 1 Jared McCann             Michael Carcone          50     1   2  2  
 2 Jack Hughes              Gabriel Vilardi          50     1   2  2  

4 vs 4 Defense
   Defense                  Defense                  Time % Phy DF OF 
 1 Connor Carrick           Jack Dougherty           50     1   2  2  
 2 Keaton Middleton         Jonathan Racine          50     1   2  2  

Last Minutes Offensive
   Center                   Left Wing                Right Wing               Defense                  Defense                  
   Jack Hughes              Michael Carcone          Gabriel Vilardi          Jack Dougherty           Keaton Middleton         

Last Minutes Defensive
   Center                   Left Wing                Right Wing               Defense                  Defense                  
   Jared McCann             Tyler Motte              Gabriel Vilardi          Connor Carrick           Keaton Middleton         

Goaltenders
Starting : Daniel Altshuller        
Backup : Adin Hill                

Extra Forwards
Normal : Zach Aston-Reese, Brett Leason, Michael Dal Colle - PP : Zach Aston-Reese, Brett Leason - PK : Michael Carcone
Extra Defensemen
Normal : Kevin Bahl, Jonathan Racine, Mattias Samuelsson - PP : Connor Carrick - PK : Jonathan Racine, Kevin Bahl
Penalty Shots
Jack Hughes, Gabriel Vilardi, Jared McCann, Pius Suter, Brett Leason
Custom OT Lines Forwards
Jared McCann, Michael Carcone, Zach Aston-Reese, Tyler Motte, Gabriel Vilardi, Sam Steel, Jack Hughes, Matteson Iacopelli, Pius Suter, Michael Dal Colle
Custom OT Lines Defensemen
Connor Carrick, Jack Dougherty, Keaton Middleton, Jonathan Racine, Mattias Samuelsson

Scratches
Chris Calhan (Healthy), Dominik Kubalik (Healthy), Mark Friedman (Healthy), Tyler Tucker (Healthy), Xavier Ouellet (Healthy)
Alexander Nylander (Healthy), Max Lajoie (Healthy), Pascal Laberge (Healthy), Marian Studenic (Healthy), Ilya Nikolaev (Healthy)
Santeri Hatakka (Healthy), Jacob Leguerrier (Healthy), Elmer Soderblom (Healthy), Zachary Emond (Healthy), Linus Ullmark (Healthy)
Hugo Alnefelt (Healthy)

% Time on Ice - Penguins

Lines # - Real PCT - Wanted PCT - Time Play
Normal Forward
1 - 32% - 40% - 12:49
2 - 25% - 30% - 10:01
3 - 27% - 20% - 10:36
4 - 16% - 10% - 6:16
Normal Defense
1 - 38% - 40% - 15:12
2 - 39% - 30% - 15:18
3 - 21% - 20% - 8:12
4 - 3% - 10% - 1:00
PP Forward
1 - 55% - 60% - 6:39
2 - 45% - 40% - 5:20
PP Defense
1 - 60% - 60% - 7:10
2 - 40% - 40% - 4:49
PK Forward
1 - 72% - 60% - 5:42
2 - 28% - 40% - 2:14
PK Defense
1 - 49% - 60% - 3:52
2 - 51% - 40% - 4:04
PK3 Forward
1 - 0% - 60%
2 - 0% - 40%
PK3 Defense
1 - 0% - 60%
2 - 0% - 40%
44 Forward
1 - 0% - 60%
2 - 0% - 40%
44 Defense
1 - 0% - 60%
2 - 0% - 40%
Last Minute Offensive  - 0:00
Last Minute Defensive  - 0:23
Total
Forward - 60:00
Defense - 60:00

% Time on Ice - Eagles

Lines # - Real PCT - Wanted PCT - Time Play
Normal Forward
1 - 30% - 35% - 11:47
2 - 31% - 34% - 12:16
3 - 23% - 21% - 9:13
4 - 16% - 10% - 6:25
Normal Defense
1 - 34% - 33% - 13:38
2 - 32% - 32% - 12:33
3 - 30% - 30% - 11:45
4 - 4% - 5% - 1:45
PP Forward
1 - 56% - 50% - 4:25
2 - 44% - 50% - 3:31
PP Defense
1 - 67% - 55% - 5:19
2 - 33% - 45% - 2:37
PK Forward
1 - 87% - 65% - 10:25
2 - 13% - 35% - 1:34
PK Defense
1 - 63% - 65% - 7:36
2 - 37% - 35% - 4:23
PK3 Forward
1 - 0% - 65%
2 - 0% - 35%
PK3 Defense
1 - 0% - 70%
2 - 0% - 30%
44 Forward
1 - 0% - 50%
2 - 0% - 50%
44 Defense
1 - 0% - 50%
2 - 0% - 50%
Last Minute Offensive  - 0:24
Last Minute Defensive  - 0:00
Total
Forward - 60:00
Defense - 60:00

Play-by-Play

1st period


0:01 of 1st period - Denis Malgin wins face-off versus Jared McCann in neutral zone.
0:14 of 1st period - Snap shot by Clayton Keller.
0:14 of 1st period - Stopped by Daniel Altshuller without a rebound.
0:15 of 1st period - Jack Hughes wins face-off versus Philipp Kurashev in Eagles zone.
0:40 of 1st period - Alexander Romanov is hit by Matthew Phillips and loses puck.
1:24 of 1st period - Snap shot by Michael Carcone.
1:24 of 1st period - Stopped by Anthony Stolarz with a rebound.
1:59 of 1st period - Denis Malgin is hit by Pius Suter and loses puck.
2:06 of 1st period - Artemi Kniazev is hit by Pius Suter.
2:30 of 1st period - Wrist shot by Michael Dal Colle.
2:30 of 1st period - Deflect By Zach Aston-Reese.
2:30 of 1st period - Shot Blocked by Marc Del Gaizo.
2:30 of 1st period - Puck is out of play.
2:31 of 1st period - Jared McCann wins face-off versus Denis Malgin in Penguins zone.
2:32 of 1st period - Wrist shot by Michael Carcone.
2:32 of 1st period - Stopped by Anthony Stolarz with a rebound.
2:38 of 1st period - Snap shot by Dakota Mermis.
2:38 of 1st period - Shot Blocked by Jonathan Racine.
2:40 of 1st period - Wrist shot by Denis Malgin.
2:40 of 1st period - Stopped by Daniel Altshuller without a rebound.
2:41 of 1st period - Jared McCann wins face-off versus Denis Malgin in Eagles zone.
2:43 of 1st period - Minor Penalty to Kevin Bahl for Interference.
2:44 of 1st period - Jared McCann wins face-off versus Denis Malgin in Eagles zone.
2:54 of 1st period - Snap shot by Clayton Keller.
2:54 of 1st period - Stopped by Daniel Altshuller with a rebound.
2:56 of 1st period - Slapshot by Matthew Boldy.
2:56 of 1st period - Shot Misses the Net.
2:58 of 1st period - Snap shot by Denis Malgin.
2:58 of 1st period - Deflect By Clayton Keller.
2:58 of 1st period - Stopped by Daniel Altshuller without a rebound.
2:59 of 1st period - Jared McCann wins face-off versus Denis Malgin in Eagles zone.
3:08 of 1st period - Matthew Finn is hit by Keaton Middleton and loses puck.
3:23 of 1st period - Keaton Middleton is hit by Eetu Luostarinen and loses puck.
3:40 of 1st period - Sam Steel is hit by Dakota Mermis and loses puck.
4:43 of 1st period - Penalty to Kevin Bahl is over, Kevin Bahl is back on ice.
4:50 of 1st period - Kevin Bahl is hit by Dakota Mermis and loses puck.
5:12 of 1st period - Off-side.
5:13 of 1st period - Dmitry Voronkov wins face-off versus Jack Hughes in neutral zone.
5:16 of 1st period - Snap shot by Sampo Ranta.
5:16 of 1st period - Stopped by Daniel Altshuller with a rebound.
5:40 of 1st period - Sam Steel is hit by Alexander Romanov and loses puck.
6:11 of 1st period - Icing by Clayton Keller.
6:12 of 1st period - Denis Malgin wins face-off versus Jack Hughes in Penguins zone.
6:19 of 1st period - Snap shot by Denis Malgin.
6:19 of 1st period - Shot Misses the Net.
6:21 of 1st period - Snap shot by Denis Malgin.
6:21 of 1st period - Shot Misses the Net.
7:06 of 1st period - Wrist shot by Eetu Luostarinen.
7:06 of 1st period - Stopped by Daniel Altshuller with a rebound.
7:08 of 1st period - Slapshot by Matthew Finn.
7:08 of 1st period - Deflect By Jared McCann.
7:08 of 1st period - Stopped by Daniel Altshuller with a rebound.
7:10 of 1st period - Snap shot by Sam Kurker.
7:10 of 1st period - Shot Blocked by Jared McCann.
7:12 of 1st period - Slapshot by Dakota Mermis.
7:12 of 1st period - Stopped by Daniel Altshuller with a rebound.
7:14 of 1st period - Slapshot by Sam Kurker.
7:14 of 1st period - Shot Blocked by Jack Dougherty.
7:16 of 1st period - Wrist shot by Dakota Mermis.
7:16 of 1st period - Stopped by Daniel Altshuller without a rebound.
7:17 of 1st period - Philipp Kurashev wins face-off versus Jack Hughes in Eagles zone.
7:24 of 1st period - Backhand shot by Sam Kurker.
7:24 of 1st period - Deflect By Philipp Kurashev.
7:24 of 1st period - Stopped by Daniel Altshuller with a rebound.
7:26 of 1st period - Slapshot by Sam Kurker.
7:26 of 1st period - Stopped by Daniel Altshuller with a rebound.
7:28 of 1st period - Slapshot by Noah Dobson.
7:28 of 1st period - Stopped by Daniel Altshuller without a rebound.
7:29 of 1st period - Philipp Kurashev wins face-off versus Gabriel Vilardi in Eagles zone.
7:40 of 1st period - Wrist shot by Jared McCann.
7:40 of 1st period - Stopped by Anthony Stolarz without a rebound.
7:41 of 1st period - Jack Hughes wins face-off versus Philipp Kurashev in Penguins zone.
7:45 of 1st period - Icing by Noah Dobson.
7:46 of 1st period - Jack Hughes wins face-off versus Philipp Kurashev in Penguins zone.
7:55 of 1st period - Keaton Middleton is hit by Sam Kurker and loses puck.
8:22 of 1st period - Wrist shot by Gabriel Vilardi.
8:22 of 1st period - Stopped by Anthony Stolarz without a rebound.
8:23 of 1st period - Jack Hughes wins face-off versus Philipp Kurashev in Penguins zone.
8:26 of 1st period - Snap shot by Tyler Motte.
8:26 of 1st period - Deflect By Matteson Iacopelli.
8:26 of 1st period - Stopped by Anthony Stolarz without a rebound.
8:27 of 1st period - Philipp Kurashev wins face-off versus Jack Hughes in Penguins zone.
8:34 of 1st period - Slapshot by Sam Kurker.
8:34 of 1st period - Stopped by Daniel Altshuller with a rebound.
8:41 of 1st period - Icing by Jack Hughes.
8:42 of 1st period - Clayton Keller wins face-off versus Jack Hughes in Eagles zone.
9:28 of 1st period - Wrist shot by Jesper Boqvist.
9:28 of 1st period - Shot Misses the Net.
9:30 of 1st period - Slapshot by Matthew Finn.
9:30 of 1st period - Shot Blocked by Tyler Motte.
9:32 of 1st period - Wrist shot by Jesperi Kotkaniemi.
9:32 of 1st period - Deflect By Jesper Boqvist.
9:32 of 1st period - Stopped by Daniel Altshuller with a rebound.
9:34 of 1st period - Wrist shot by Jesper Boqvist.
9:34 of 1st period - Shot Blocked by Jonathan Racine.
9:52 of 1st period - Snap shot by Gabriel Vilardi.
9:52 of 1st period - Deflect By Michael Carcone.
9:52 of 1st period - Shot Misses the Net.
9:52 of 1st period - Puck is out of play.
9:53 of 1st period - Jared McCann wins face-off versus Denis Malgin in Penguins zone.
10:03 of 1st period - Icing by Clayton Keller.
10:04 of 1st period - Jared McCann wins face-off versus Denis Malgin in Penguins zone.
10:05 of 1st period - Snap shot by Gabriel Vilardi.
10:05 of 1st period - Shot Blocked by Marc Del Gaizo.
10:07 of 1st period - Minor Penalty to Clayton Keller for Tripping.
10:08 of 1st period - Jared McCann wins face-off versus Eetu Luostarinen in Penguins zone.
10:13 of 1st period - Snap shot by Gabriel Vilardi.
10:13 of 1st period - Stopped by Anthony Stolarz with a rebound.
10:15 of 1st period - Backhand shot by Jared McCann.
10:15 of 1st period - Shot Misses the Net.
10:17 of 1st period - Slapshot by Jack Dougherty.
10:17 of 1st period - Stopped by Anthony Stolarz without a rebound.
10:18 of 1st period - Jared McCann wins face-off versus Eetu Luostarinen in Penguins zone.
10:19 of 1st period - Snap shot by Michael Carcone.
10:19 of 1st period - Stopped by Anthony Stolarz with a rebound.
10:21 of 1st period - Slapshot by Keaton Middleton.
10:21 of 1st period - Stopped by Anthony Stolarz with a rebound.
10:23 of 1st period - Snap shot by Michael Carcone.
10:23 of 1st period - Deflect By Gabriel Vilardi.
10:23 of 1st period - Shot Misses the Net.
10:23 of 1st period - Puck is out of play.
10:24 of 1st period - Jack Hughes wins face-off versus Eetu Luostarinen in Penguins zone.
10:31 of 1st period - Wrist shot by Pius Suter.
10:31 of 1st period - Stopped by Anthony Stolarz with a rebound.
11:27 of 1st period - Snap shot by Denis Malgin.
11:27 of 1st period - Goal by Denis Malgin - Penguins : 1 - Eagles : 0.
11:28 of 1st period - Jack Hughes wins face-off versus Eetu Luostarinen in neutral zone.
12:07 of 1st period - Penalty to Clayton Keller is over, Clayton Keller is back on ice.
12:27 of 1st period - Jesperi Kotkaniemi is hit by Zach Aston-Reese and loses puck.
13:00 of 1st period - Wrist shot by Tyler Motte.
13:00 of 1st period - Shot Blocked by Dakota Mermis.
13:02 of 1st period - Snap shot by Jonathan Racine.
13:02 of 1st period - Shot Misses the Net.
13:04 of 1st period - Wrist shot by Jack Hughes.
13:04 of 1st period - Deflect By Matthew Finn.
13:04 of 1st period - Goal by Jack Hughes - Penguins : 1 - Eagles : 1.
13:05 of 1st period - Jared McCann wins face-off versus Denis Malgin in neutral zone.
13:11 of 1st period - Minor Penalty to Matthew Boldy for Slashing.
13:12 of 1st period - Eetu Luostarinen wins face-off versus Jack Hughes in Penguins zone.
15:11 of 1st period - Penalty to Matthew Boldy is over, Matthew Boldy is back on ice.
15:25 of 1st period - Jesperi Kotkaniemi is hit by Matteson Iacopelli.
15:32 of 1st period - Off-side.
15:33 of 1st period - Zach Aston-Reese wins face-off versus Dmitry Voronkov in neutral zone.
16:23 of 1st period - Minor Penalty to Tyler Motte for Roughing.
16:24 of 1st period - Denis Malgin wins face-off versus Jared McCann in Eagles zone.
16:26 of 1st period - Slapshot by Matthew Boldy.
16:26 of 1st period - Stopped by Daniel Altshuller with a rebound.
16:28 of 1st period - Snap shot by Matthew Boldy.
16:28 of 1st period - Goal by Matthew Boldy - Penguins : 2 - Eagles : 1.
16:29 of 1st period - Denis Malgin wins face-off versus Jared McCann in neutral zone.
16:54 of 1st period - Jared McCann is hit by Jesperi Kotkaniemi and loses puck.
17:03 of 1st period - Snap shot by Jesper Boqvist.
17:03 of 1st period - Stopped by Daniel Altshuller without a rebound.
17:04 of 1st period - Denis Malgin wins face-off versus Sam Steel in Eagles zone.
17:05 of 1st period - Wrist shot by Clayton Keller.
17:05 of 1st period - Stopped by Daniel Altshuller with a rebound.
17:07 of 1st period - Slapshot by Noah Dobson.
17:07 of 1st period - Deflect By Matthew Boldy.
17:07 of 1st period - Goal by Matthew Boldy - Penguins : 3 - Eagles : 1.
17:08 of 1st period - Jared McCann wins face-off versus Denis Malgin in neutral zone.
17:11 of 1st period - Snap shot by Gabriel Vilardi.
17:11 of 1st period - Shot Misses the Net.
17:13 of 1st period - Slapshot by Jonathan Racine.
17:13 of 1st period - Stopped by Anthony Stolarz with a rebound.
17:15 of 1st period - Wrist shot by Gabriel Vilardi.
17:15 of 1st period - Stopped by Anthony Stolarz without a rebound.
17:16 of 1st period - Jared McCann wins face-off versus Denis Malgin in Penguins zone.
18:05 of 1st period - Snap shot by Tyler Motte.
18:05 of 1st period - Stopped by Anthony Stolarz without a rebound.
18:06 of 1st period - Jesperi Kotkaniemi wins face-off versus Jack Hughes in Penguins zone.
18:09 of 1st period - Slapshot by Jack Hughes.
18:09 of 1st period - Shot Blocked by Jeff Malott.
18:19 of 1st period - Slapshot by Jack Hughes.
18:19 of 1st period - Stopped by Anthony Stolarz without a rebound.
18:20 of 1st period - Denis Malgin wins face-off versus Jared McCann in Penguins zone.
18:41 of 1st period - Minor Penalty to Mattias Samuelsson for Slashing.
18:42 of 1st period - Denis Malgin wins face-off versus Jared McCann in Eagles zone.
18:43 of 1st period - Snap shot by Matthew Boldy.
18:43 of 1st period - Shot Misses the Net.
18:45 of 1st period - Snap shot by Clayton Keller.
18:45 of 1st period - Deflect By Matthew Boldy.
18:45 of 1st period - Shot Misses the Net.
18:45 of 1st period - Puck is out of play.
18:46 of 1st period - Jared McCann wins face-off versus Denis Malgin in Eagles zone.
19:01 of 1st period - Wrist shot by Tyler Motte.
19:01 of 1st period - Stopped by Anthony Stolarz with a rebound.
Goals for this period are 3 for Penguins vs 1 for Eagles.
Shots for this period are 20 for Penguins vs 16 for Eagles.

2nd period


0:01 of 2nd period - Clayton Keller wins face-off versus Jared McCann in neutral zone.
0:41 of 2nd period - Penalty to Mattias Samuelsson is over, Mattias Samuelsson is back on ice.
1:43 of 2nd period - Icing by Mattias Samuelsson.
1:44 of 2nd period - Jack Hughes wins face-off versus Denis Malgin in Eagles zone.
1:49 of 2nd period - Clayton Keller is hit by Keaton Middleton and loses puck.
2:14 of 2nd period - Snap shot by Michael Dal Colle.
2:14 of 2nd period - Stopped by Anthony Stolarz with a rebound.
2:16 of 2nd period - Wrist shot by Zach Aston-Reese.
2:16 of 2nd period - Shot Misses the Net.
2:18 of 2nd period - Snap shot by Mattias Samuelsson.
2:18 of 2nd period - Shot Misses the Net.
3:24 of 2nd period - Wrist shot by Matthew Boldy.
3:24 of 2nd period - Shot Misses the Net.
4:04 of 2nd period - Backhand shot by Jack Dougherty.
4:04 of 2nd period - Shot Misses the Net.
4:06 of 2nd period - Snap shot by Pius Suter.
4:06 of 2nd period - Goal by Pius Suter - Penguins : 3 - Eagles : 2.
4:07 of 2nd period - Denis Malgin wins face-off versus Jared McCann in neutral zone.
4:21 of 2nd period - Icing by Dakota Mermis.
4:22 of 2nd period - Jack Hughes wins face-off versus Denis Malgin in Penguins zone.
4:27 of 2nd period - Slapshot by Connor Carrick.
4:27 of 2nd period - Shot Misses the Net.
4:33 of 2nd period - Clayton Keller is hit by Matteson Iacopelli.
5:14 of 2nd period - Kevin Bahl is hit by Jesper Boqvist and loses puck.
6:15 of 2nd period - Zach Aston-Reese is hit by Alexander Romanov and loses puck.
6:41 of 2nd period - Off-side.
6:42 of 2nd period - Jared McCann wins face-off versus Denis Malgin in neutral zone.
6:42 of 2nd period - Gabriel Vilardi is hit by Matthew Finn and loses puck.
7:09 of 2nd period - Sam Kurker is hit by Jack Hughes and loses puck.
7:38 of 2nd period - Snap shot by Jeff Malott.
7:38 of 2nd period - Shot Misses the Net.
7:40 of 2nd period - Wrist shot by Jesper Boqvist.
7:40 of 2nd period - Stopped by Daniel Altshuller without a rebound.
7:41 of 2nd period - Jared McCann wins face-off versus Denis Malgin in Eagles zone.
7:43 of 2nd period - Minor Penalty to Connor Carrick for Tripping.
7:44 of 2nd period - Matthew Boldy wins face-off versus Jared McCann in Eagles zone.
8:10 of 2nd period - Jonathan Racine is hit by Philipp Kurashev.
9:43 of 2nd period - Penalty to Connor Carrick is over, Connor Carrick is back on ice.
10:38 of 2nd period - Wrist shot by Josh Ho-Sang.
10:38 of 2nd period - Stopped by Daniel Altshuller with a rebound.
10:58 of 2nd period - Wrist shot by Brett Leason.
10:58 of 2nd period - Shot Misses the Net.
11:01 of 2nd period - Icing by Alexander Romanov.
11:02 of 2nd period - Denis Malgin wins face-off versus Zach Aston-Reese in Penguins zone.
11:02 of 2nd period - Denis Malgin is hit by Brett Leason.
11:18 of 2nd period - Wrist shot by Matthew Phillips.
11:18 of 2nd period - Deflect By Sam Steel.
11:18 of 2nd period - Stopped by Anthony Stolarz without a rebound.
11:19 of 2nd period - Jesperi Kotkaniemi wins face-off versus Sam Steel in Penguins zone.
11:19 of 2nd period - Jesperi Kotkaniemi is hit by Matthew Phillips.
11:29 of 2nd period - Slapshot by Keaton Middleton.
11:29 of 2nd period - Deflect By Jesperi Kotkaniemi.
11:29 of 2nd period - Stopped by Anthony Stolarz with a rebound.
11:31 of 2nd period - Slapshot by Keaton Middleton.
11:31 of 2nd period - Shot Misses the Net.
11:33 of 2nd period - Slapshot by Keaton Middleton.
11:33 of 2nd period - Shot Blocked by Artemi Kniazev.
11:35 of 2nd period - Snap shot by Matthew Phillips.
11:35 of 2nd period - Stopped by Anthony Stolarz with a rebound.
11:37 of 2nd period - Slapshot by Mattias Samuelsson.
11:37 of 2nd period - Stopped by Anthony Stolarz with a rebound.
11:39 of 2nd period - Snap shot by Keaton Middleton.
11:39 of 2nd period - Shot Blocked by Jeff Malott.
11:41 of 2nd period - Slapshot by Keaton Middleton.
11:41 of 2nd period - Goal by Keaton Middleton - Penguins : 3 - Eagles : 3.
11:42 of 2nd period - Denis Malgin wins face-off versus Sam Steel in neutral zone.
13:14 of 2nd period - Snap shot by Sam Steel.
13:14 of 2nd period - Shot Misses the Net.
13:16 of 2nd period - Snap shot by Pius Suter.
13:16 of 2nd period - Stopped by Anthony Stolarz with a rebound.
13:18 of 2nd period - Backhand shot by Matthew Phillips.
13:18 of 2nd period - Stopped by Anthony Stolarz without a rebound.
13:19 of 2nd period - Philipp Kurashev wins face-off versus Michael Carcone in Penguins zone.
14:15 of 2nd period - Snap shot by Sam Steel.
14:15 of 2nd period - Deflect By Pius Suter.
14:15 of 2nd period - Shot Misses the Net.
14:15 of 2nd period - Puck is out of play.
14:16 of 2nd period - Philipp Kurashev wins face-off versus Jared McCann in Penguins zone.
14:42 of 2nd period - Tyler Motte is hit by Clayton Keller and loses puck.
15:12 of 2nd period - Icing by Jeff Malott.
15:13 of 2nd period - Jared McCann wins face-off versus Jesperi Kotkaniemi in Penguins zone.
15:16 of 2nd period - Wrist shot by Jared McCann.
15:16 of 2nd period - Stopped by Anthony Stolarz without a rebound.
15:17 of 2nd period - Jared McCann wins face-off versus Denis Malgin in Penguins zone.
16:11 of 2nd period - Off-side.
16:12 of 2nd period - Jesperi Kotkaniemi wins face-off versus Zach Aston-Reese in neutral zone.
16:20 of 2nd period - Off-side.
16:21 of 2nd period - Denis Malgin wins face-off versus Jack Hughes in neutral zone.
16:32 of 2nd period - Snap shot by Clayton Keller.
16:32 of 2nd period - Deflect By Matteson Iacopelli.
16:32 of 2nd period - Shot Misses the Net.
16:32 of 2nd period - Puck is out of play.
16:33 of 2nd period - Denis Malgin wins face-off versus Jack Hughes in Eagles zone.
16:36 of 2nd period - Snap shot by Matthew Boldy.
16:36 of 2nd period - Stopped by Daniel Altshuller with a rebound.
16:38 of 2nd period - Slapshot by Matthew Finn.
16:38 of 2nd period - Deflect By Clayton Keller.
16:38 of 2nd period - Stopped by Daniel Altshuller with a rebound.
16:40 of 2nd period - Wrist shot by Clayton Keller.
16:40 of 2nd period - Shot Blocked by Connor Carrick.
16:42 of 2nd period - Snap shot by Denis Malgin.
16:42 of 2nd period - Goal by Denis Malgin - Penguins : 4 - Eagles : 3.
16:43 of 2nd period - Jack Hughes wins face-off versus Denis Malgin in neutral zone.
17:09 of 2nd period - Matthew Boldy is hit by Sam Steel and loses puck.
17:32 of 2nd period - Snap shot by Michael Carcone.
17:32 of 2nd period - Stopped by Anthony Stolarz with a rebound.
17:34 of 2nd period - Snap shot by Gabriel Vilardi.
17:34 of 2nd period - Shot Misses the Net.
18:00 of 2nd period - Slapshot by Zach Aston-Reese.
18:00 of 2nd period - Shot Misses the Net.
18:02 of 2nd period - Slapshot by Jack Dougherty.
18:02 of 2nd period - Shot Misses the Net.
18:16 of 2nd period - Alexander Romanov is hit by Matteson Iacopelli and loses puck.
18:17 of 2nd period - Alexander Romanov from Penguins is injured at 18:17 of 2nd period (Torso).
18:18 of 2nd period - Denis Malgin wins face-off versus Jack Hughes in Penguins zone.
18:18 of 2nd period - Denis Malgin is hit by Jonathan Racine.
18:24 of 2nd period - Wrist shot by Matthew Boldy.
18:24 of 2nd period - Shot Blocked by Jonathan Racine.
18:26 of 2nd period - Snap shot by Matthew Boldy.
18:26 of 2nd period - Shot Misses the Net.
18:28 of 2nd period - Snap shot by Matthew Boldy.
18:28 of 2nd period - Shot Misses the Net.
18:40 of 2nd period - Minor Penalty to Tyler Motte for Tripping.
18:41 of 2nd period - Jared McCann wins face-off versus Denis Malgin in Eagles zone.
Goals for this period are 1 for Penguins vs 2 for Eagles.
Shots for this period are 5 for Penguins vs 11 for Eagles.

3rd period


0:01 of 3rd period - Denis Malgin wins face-off versus Jared McCann in neutral zone.
0:40 of 3rd period - Penalty to Tyler Motte is over, Tyler Motte is back on ice.
0:50 of 3rd period - Off-side.
0:51 of 3rd period - Jesperi Kotkaniemi wins face-off versus Sam Steel in neutral zone.
1:20 of 3rd period - Wrist shot by Jeff Malott.
1:20 of 3rd period - Stopped by Daniel Altshuller without a rebound.
1:21 of 3rd period - Denis Malgin wins face-off versus Jack Hughes in Eagles zone.
1:24 of 3rd period - Snap shot by Clayton Keller.
1:24 of 3rd period - Stopped by Daniel Altshuller without a rebound.
1:25 of 3rd period - Jack Hughes wins face-off versus Denis Malgin in Eagles zone.
1:27 of 3rd period - Minor Penalty to Tyler Motte for Tripping.
1:28 of 3rd period - Jared McCann wins face-off versus Matthew Boldy in Eagles zone.
1:44 of 3rd period - Snap shot by Matthew Boldy.
1:44 of 3rd period - Shot Hit the Post.
3:27 of 3rd period - Penalty to Tyler Motte is over, Tyler Motte is back on ice.
4:03 of 3rd period - Wrist shot by Josh Ho-Sang.
4:03 of 3rd period - Shot Blocked by Matteson Iacopelli.
4:17 of 3rd period - Snap shot by Jared McCann.
4:17 of 3rd period - Shot Misses the Net.
4:19 of 3rd period - Wrist shot by Gabriel Vilardi.
4:19 of 3rd period - Shot Misses the Net.
4:32 of 3rd period - Minor Penalty to Artemi Kniazev for Goalie Interference.
4:33 of 3rd period - Jared McCann wins face-off versus Eetu Luostarinen in Penguins zone.
6:32 of 3rd period - Penalty to Artemi Kniazev is over, Artemi Kniazev is back on ice.
7:06 of 3rd period - Tyler Motte is hit by Clayton Keller and loses puck.
7:46 of 3rd period - Artemi Kniazev is hit by Matteson Iacopelli and loses puck.
8:07 of 3rd period - Minor Penalty to Artemi Kniazev for Tripping.
8:08 of 3rd period - Eetu Luostarinen wins face-off versus Jack Hughes in Penguins zone.
8:14 of 3rd period - Icing by Matthew Phillips.
8:15 of 3rd period - Jack Hughes wins face-off versus Eetu Luostarinen in Eagles zone.
8:15 of 3rd period - Jack Hughes is hit by Denis Malgin.
9:08 of 3rd period - Off-side.
9:09 of 3rd period - Eetu Luostarinen wins face-off versus Michael Carcone in neutral zone.
10:07 of 3rd period - Penalty to Artemi Kniazev is over, Artemi Kniazev is back on ice.
10:13 of 3rd period - Wrist shot by Connor Carrick.
10:13 of 3rd period - Stopped by Anthony Stolarz without a rebound.
10:14 of 3rd period - Dmitry Voronkov wins face-off versus Zach Aston-Reese in Penguins zone.
10:47 of 3rd period - Slapshot by Zach Aston-Reese.
10:47 of 3rd period - Stopped by Anthony Stolarz with a rebound.
10:49 of 3rd period - Slapshot by Keaton Middleton.
10:49 of 3rd period - Stopped by Anthony Stolarz with a rebound.
10:51 of 3rd period - Slapshot by Brett Leason.
10:51 of 3rd period - Stopped by Anthony Stolarz without a rebound.
10:52 of 3rd period - Denis Malgin wins face-off versus Jared McCann in Penguins zone.
10:58 of 3rd period - Icing by Marc Del Gaizo.
10:59 of 3rd period - Jared McCann wins face-off versus Denis Malgin in Penguins zone.
11:08 of 3rd period - Snap shot by Gabriel Vilardi.
11:08 of 3rd period - Stopped by Anthony Stolarz with a rebound.
11:10 of 3rd period - Slapshot by Jared McCann.
11:10 of 3rd period - Stopped by Anthony Stolarz without a rebound.
11:11 of 3rd period - Denis Malgin wins face-off versus Jared McCann in Penguins zone.
11:36 of 3rd period - Jack Hughes is hit by Sam Kurker and loses puck.
12:03 of 3rd period - Wrist shot by Zach Aston-Reese.
12:03 of 3rd period - Shot Misses the Net.
13:09 of 3rd period - Snap shot by Tyler Motte.
13:09 of 3rd period - Stopped by Anthony Stolarz without a rebound.
13:10 of 3rd period - Sam Steel wins face-off versus Denis Malgin in Penguins zone.
13:11 of 3rd period - Snap shot by Matthew Phillips.
13:11 of 3rd period - Stopped by Anthony Stolarz without a rebound.
13:12 of 3rd period - Denis Malgin wins face-off versus Sam Steel in Penguins zone.
13:17 of 3rd period - Clayton Keller is hit by Keaton Middleton and loses puck.
13:57 of 3rd period - Noah Dobson is hit by Brett Leason and loses puck.
14:04 of 3rd period - Snap shot by Philipp Kurashev.
14:04 of 3rd period - Deflect By Eetu Luostarinen.
14:04 of 3rd period - Shot Misses the Net.
14:04 of 3rd period - Puck is out of play.
14:05 of 3rd period - Denis Malgin wins face-off versus Jared McCann in Eagles zone.
14:06 of 3rd period - Slapshot by Clayton Keller.
14:06 of 3rd period - Shot Blocked by Michael Carcone.
14:19 of 3rd period - Clayton Keller is hit by Gabriel Vilardi and loses puck.
14:32 of 3rd period - Jesper Boqvist is hit by Jack Hughes and loses puck.
14:39 of 3rd period - Keaton Middleton is hit by Jeff Malott and loses puck.
15:44 of 3rd period - Snap shot by Denis Malgin.
15:44 of 3rd period - Stopped by Daniel Altshuller with a rebound.
15:58 of 3rd period - Slapshot by Jack Hughes.
15:58 of 3rd period - Deflect By Dakota Mermis.
15:58 of 3rd period - Stopped by Anthony Stolarz with a rebound.
16:00 of 3rd period - Slapshot by Jack Dougherty.
16:00 of 3rd period - Shot Blocked by Jeff Malott.
16:02 of 3rd period - Slapshot by Mattias Samuelsson.
16:02 of 3rd period - Shot Blocked by Dakota Mermis.
16:21 of 3rd period - Minor Penalty to Jonathan Racine for Holding.
16:22 of 3rd period - Jared McCann wins face-off versus Denis Malgin in Eagles zone.
16:28 of 3rd period - Icing by Dakota Mermis.
16:29 of 3rd period - Jared McCann wins face-off versus Denis Malgin in Penguins zone.
17:36 of 3rd period - Mattias Samuelsson is hit by Matthew Boldy and loses puck.
17:49 of 3rd period - Dakota Mermis is hit by Mattias Samuelsson and loses puck.
18:21 of 3rd period - Penalty to Jonathan Racine is over, Jonathan Racine is back on ice.
18:21 of 3rd period - Denis Malgin is hit by Jonathan Racine and loses puck.
18:36 of 3rd period - Wrist shot by Jeff Malott.
18:36 of 3rd period - Stopped by Daniel Altshuller without a rebound.
18:37 of 3rd period - Jack Hughes wins face-off versus Jesperi Kotkaniemi in Eagles zone.
18:49 of 3rd period - Jack Hughes is hit by Jeff Malott and loses puck.
19:02 of 3rd period - Artemi Kniazev is hit by Jack Hughes and loses puck.
19:05 of 3rd period - Eagles, Daniel Altshuller is pulled from the net.
19:11 of 3rd period - Wrist shot by Jack Hughes.
19:11 of 3rd period - Stopped by Anthony Stolarz with a rebound.
19:19 of 3rd period - Slapshot by Clayton Keller.
19:19 of 3rd period - Goal by Clayton Keller - Penguins : 5 - Eagles : 3.
19:19 of 3rd period - Daniel Altshuller from Eagles was sent back in the game.
19:20 of 3rd period - Sam Steel wins face-off versus Jeff Malott in neutral zone.
19:35 of 3rd period - Sam Steel is hit by Jesperi Kotkaniemi and loses puck.
19:50 of 3rd period - Slapshot by Marc Del Gaizo.
19:50 of 3rd period - Shot Blocked by Connor Carrick.
Goals for this period are 1 for Penguins vs 0 for Eagles.
Shots for this period are 5 for Penguins vs 10 for Eagles. Output by the SimonT Hockey Simulator (STHS) for Francois Prevost - Original Page W3C HTML5 Valid
Hockey Simulator - Hockey Simulation - Hockey Manager